 Dungeon Crawl Stone Soup version 0.31-a0-192-ga50d7bf3bb (webtiles) character file.

Game seed: 3585220653139596980

38 qw the Shooter (level 3, 0/20 HPs)
             Began as a Deep Elf Hunter on June 23, 2023.
             Succumbed to an adder's poison
             ... on level 2 of the Dungeon.
             The game lasted 00:00:15 (524 turns).

qw the Shooter (Deep Elf Hunter)                     Turns: 524, Time: 00:00:15

Health: 0/20       AC:  5    Str: 10    XL:     3   Next: 25%
Magic:  5/5        EV: 11    Int: 13    God:
Gold:   47         SH:  0    Dex: 18    Spells: 2/2 levels left

rFire   . . .        Y - +0 shortbow
rCold   . . .        (shield currently unavailable)
rNeg    . . .        g - +0 ring mail
rPois   .            (no helmet)
rElec   .            (no cloak)
rCorr   .            (no gloves)
SInv    .            (no boots)
Will    .....        (no amulet)
Stlth   +            (no ring)
HPRegen 0.23/turn    (no ring)
MPRegen 0.09/turn

%: no passive effects
@: lethally poisoned (0 -> -3)
A: no striking features
a: no special abilities


You were on level 2 of the Dungeon.
You visited 1 branch of the dungeon, and saw 2 of its levels.

You collected 47 gold pieces.


   Skills:
 - Level 1.5 Fighting
 + Level 6.8 Ranged Weapons
 - Level 2.4 Dodging
 - Level 1.2 Stealth


You had 2 spell levels left.
You didn't know any spells.
Your spell library was empty.

Inventory:

Hand Weapons
 Y - a +0 shortbow (weapon)
Armour
 g - a +0 ring mail (worn)
Potions
 e - a potion of resistance {unknown}
 f - a potion of cancellation {unknown}

Dungeon Overview and Level Annotations

Branches:
Dungeon (2/15)

Altars:


Message History

You shoot an arrow. The arrow misses the adder.
You shoot an arrow. The arrow barely misses the adder.
The adder bites you.
You are poisoned.
The adder poisons you!
You shoot an arrow. The arrow hits the adder.
The adder is lightly wounded.
You feel sick. The adder bites you.
You shoot an arrow. The arrow closely misses the adder.
You feel sick. The adder bites you. x2
You are more poisoned.
The adder poisons you!
You shoot an arrow. The arrow misses the adder.
You feel sick. The adder closely misses you.
The adder bites you but does no damage.
You shoot an arrow. The arrow hits the adder.
The adder is heavily wounded.
You feel sick. The adder closely misses you.
You shoot an arrow.
The arrow hits the adder but does no damage.
The adder is heavily wounded.
You feel sick. The adder bites you. The adder misses you.
You shoot an arrow.
The arrow hits the adder but does no damage.
The adder is heavily wounded.
You feel sick. The adder barely misses you. The adder closely misses you.
You shoot an arrow.
The arrow hits the adder but does no damage.
The adder is heavily wounded.
You feel sick. The adder bites you.
You are lethally poisoned!
The adder poisons you!
You shoot an arrow. The arrow misses the adder.
You feel sick. The adder barely misses you.
The adder bites you but does no damage.
You shoot an arrow. The arrow hits the adder!
You kill the adder!
You feel sick.
There is a lethal amount of poison in your body!
You die...

#.#.....#
#...####
###..# .
##.## .}
#..# ...
##.# ...#
#.## %..#
#..#....#
#.@%.}.#
#..#...#
##.##+##
#.. ####


There were no monsters in sight!

Vanquished Creatures
  An adder (D:2)
  A dart slug (D:1)
  3 ball pythons (D:1)
  2 endoplasms (D:1)
  3 giant cockroaches
  3 goblins (D:1)
  4 hobgoblins
  A jackal (D:1)
  2 kobolds (D:1)
  A quokka (D:1)
  A bat (D:1)
22 creatures vanquished.

Notes
Turn   | Place    | Note
-------+----------+-------------------------------------------
     0 | D:1      | qw the Deep Elf Hunter began the quest for the Orb.
     0 | D:1      | Reached XP level 1. HP: 12/12 MP: 3/3
     0 | D:1      | 0 ||| qw: Version: 0.3-a-9-g12657ce
     0 | D:1      | 0 ||| qw: Game counter: 4585
     0 | D:1      | 0 ||| qw: Always use a shield: true
     0 | D:1      | 0 ||| qw: God list: Okawaru
     0 | D:1      | 0 ||| qw: Allow faded altars: false
     0 | D:1      | 0 ||| qw: Do Orc after D:15 true
     0 | D:1      | 0 ||| qw: Do second Lair branch before Depths: true
     0 | D:1      | 0 ||| qw: Lair rune preference: random
     0 | D:1      | 0 ||| qw: Plans: Normal
     0 | D:1      | 0 ||| PLANNING D:1-11
   123 | D:1      | Reached XP level 2. HP: 16/16 MP: 4/4
   125 | D:1      | Reached skill level 6 in Ranged Weapons
   469 | D:1      | 469 ||| UPGRADING to +0 ring mail.
   479 | D:1      | 479 ||| DROPPING +0 leather armour.
   480 | D:1      | 480 ||| READING scroll labelled JESAFI HADEOG.
   483 | D:1      | 483 ||| DROPPING scroll of butterflies.
   513 | D:2      | Reached XP level 3. HP: 20/20 MP: 5/5
   520 | D:2      | HP: 5/20 [poisoned by an adder]
   522 | D:2      | HP: 2/20 [poisoned by an adder]
   524 | D:2      | Succumbed to an adder's poison

Levels and vault maps discovered:
D:1:      sevenhm_arrival_forest_fort_small_4, layout_rooms,
          hangedman_feature_mirror
D:2:      layout_loops_cross, dreamdust_ecumenical_altar_angels_and_demons,
          basic_altar, grunt_ministairs_13, ebering_dispersal_statue_hall

Skill      XL: |  1  2 |
---------------+-------+-----
Ranged Weapons | 6 |  6.8
Fighting       | |  1.5
Dodging        | |  2.4
Stealth        | |  1.2

Action                     || total
---------------------------++-------
   Fire: Shortbow          ||    64
    Use: Scroll            ||     1
 Armour: Leather armour    ||     6
         Ring mail         ||     2
  Dodge: Dodged            ||    13

Table legend:
 A = Non-vault XP
 B = Vault XP
 C = Vault XP percentage of total XP
 D = Non-vault monster count
 E = Vault monster count
 F = Vault count percentage of total count
                 A         B        C        D         E       F
            +---------+---------+-------+---------+---------+-------
      Total |      37 |      18 |  32.7 |      18 |       4 |  18.2
            +---------+---------+-------+---------+---------+-------
        D:1 |      35 |       3 |   7.9 |      17 |       2 |  10.5
        D:2 |       2 |      15 |  88.2 |       1 |       2 |  66.7
            +---------+---------+-------+---------+---------+-------
